Map: Washout LE

Players

Krystianer - Winner!

  • Race: Protoss Protoss
  • League: Grandmaster
  • Spawn Location: 7:00

Shino

  • Race: Zerg Zerg
  • League: Grandmaster
  • Spawn Location: 1:00

Event: HomeStory Cup XXIX

VOD

Have the link to the VOD?

Description

Time

  • Played on: July 3, 2026, 10:02 a.m.
  • Length: 10:00

All games in this series

Show
View Real Time Build Order
Export as new Build Order

Krystianer Protoss - Winner!

Build Orders: Oracle Opening, Archon Immortal, Archon Drop 

Get SALT Encoding   

  8  0:00  Probe (Chrono Boost)  
  9  0:12  Probe (Chrono Boost)  
  10  0:20  Probe (Chrono Boost)  
  11  0:26  Probe  
  12  0:32  Pylon  
  12  0:38  Probe  
  13  0:50  Probe  
  14  0:57  Gateway  
  14  1:03  Probe (Chrono Boost)  
  15  1:08  Assimilator  
  15  1:15  Probe (Chrono Boost)  
  16  1:20  Probe (Chrono Boost)  
  17  1:29  Probe  
  18  1:41  Probe  
  19  1:53  Probe  
  20  1:54  Nexus  
  20  2:03  Cybernetics Core  
  20  2:10  Pylon  
  20  2:13  Probe  
  21  2:18  Assimilator  
  21  2:28  Probe  
  22  2:38  Adept (Chrono Boost)  
  22  2:40  Probe  
  25  2:51  Stargate  
  25  2:56  Probe  
  26  3:02  Adept (Chrono Boost)  
  26  3:03  Warp Gate  
  28  3:07  Probe  
  28  3:08  Probe  
  30  3:19  Probe  
  31  3:20  Probe  
  31  3:26  Adept (Chrono Boost)  
  32  3:31  Probe  
  32  3:32  Probe  
  32  3:33  Oracle (Chrono Boost)  
  36  3:41  Pylon  
  39  3:43  Probe  
  39  3:44  Probe  
  41  3:55  Probe  
  42  3:59  Probe  
  43  4:07  Probe (Chrono Boost)  
  42  4:13  Assimilator  
  42  4:15  Assimilator  
  42  4:16  Probe (Chrono Boost)  
  41  4:17  Robotics Facility  
  41  4:19  Probe (Chrono Boost)  
  41  4:21  Twilight Council  
  43  4:26  Probe (Chrono Boost)  
  43  4:27  Probe (Chrono Boost)  
  44  4:32  Gateway  
  44  4:33  Gateway  
  44  4:34  Probe (Chrono Boost)  
  44  4:35  Gateway  
  44  4:37  Probe (Chrono Boost)  
  46  4:39  Probe (Chrono Boost)  
  46  4:40  Pylon  
  47  4:46  Probe  
  47  4:49  Probe  
  49  5:00  Templar Archives, Probe  
  49  5:04  Warp Prism (Chrono Boost)  
  49  5:05  Adept  
  54  5:18  Nexus  
  54  5:22  Pylon  
  54  5:24  Probe x2  
  54  5:28  Adept  
  58  5:33  Pylon  
  58  5:40  Probe x2  
  60  5:46  Forge  
  60  5:52  Pylon, Probe x2  
  60  5:54  High Templar x4  
  70  5:59  Archon  
  70  6:00  Archon  
  70  6:01  Immortal (Chrono Boost)  
  72  6:07  Probe x2  
  72  6:14  Shield Battery  
  72  6:19  Probe x2  
  74  6:29  Zealot x3  
  74  6:30  Immortal (Chrono Boost)  
  74  6:31  Probe  
  80  6:33  Zealot, Probe  
  80  6:39  Protoss Ground Weapons Level 1  
  87  6:41  Probe  
  87  6:43  Probe  
  87  6:46  Probe  
  90  6:52  Pylon  
  91  6:56  Probe, Assimilator  
  91  7:00  Assimilator  
  93  7:02  Blink (Chrono Boost)  
  93  7:03  Sentry  
  93  7:06  Pylon  
  93  7:09  Probe  
  93  7:10  Immortal (Chrono Boost)  
  98  7:16  Pylon  
  98  7:24  Gateway x2  
  98  7:25  Gateway  
  98  7:26  Probe x2  
  98  7:28  Gateway, Sentry x2  
  104  7:31  Pylon  
  104  7:33  Immortal (Chrono Boost)  
  104  7:34  Probe  
  109  7:41  Probe  
  110  7:45  Stalker x2  
  110  7:47  Photon Cannon  
  110  7:51  Photon Cannon, Probe  
  114  7:53  Probe  
  114  7:55  Pylon  
  116  8:01  Immortal (Chrono Boost)  
  116  8:02  Adept  
  116  8:03  Adept  
  124  8:10  Pylon  
  124  8:16  Pylon  
  121  8:29  Stalker x6  
  121  8:30  Stalker  
  131  8:42  Stalker  
  121  8:53  Stalker x7  
  133  9:05  Immortal (Chrono Boost)  
  133  9:17  Stalker x4  
  133  9:18  Stalker x2  
  133  9:21  Zealot x2  
Show
View Real Time Build Order
Export as new Build Order

Shino Zerg 

Build Orders: Hatch First 

Get SALT Encoding   

  8  0:01  Drone  
  9  0:10  Drone  
  10  0:17  Drone  
  11  0:28  Overlord  
  11  0:34  Drone  
  12  0:47  Drone x2  
  14  0:51  Drone  
  16  1:04  Drone  
  16  1:17  Hatchery  
  15  1:19  Drone  
  15  1:22  Drone  
  17  1:36  Extractor, Drone  
  17  1:41  Spawning Pool  
  17  1:43  Drone  
  17  1:51  Drone  
  18  2:00  Drone  
  19  2:10  Overlord  
  20  2:22  Drone  
  20  2:28  Queen  
  20  2:29  Queen  
  24  2:31  Zergling x4  
  26  2:41  Drone x2  
  26  2:42  Metabolic Boost  
  28  2:49  Drone  
  28  2:50  Drone  
  30  3:07  Hatchery  
  30  3:12  Zergling x4  
  31  3:15  Overlord  
  31  3:18  Zergling x2  
  32  3:27  Overlord  
  32  3:35  Drone, Queen  
  32  3:40  Drone x2  
  32  3:41  Drone x2  
  39  3:48  Queen  
  39  3:55  Spore Crawler  
  39  3:56  Spore Crawler  
  39  4:00  Drone  
  39  4:02  Drone  
  37  4:05  Drone  
  37  4:08  Drone  
  39  4:14  Drone  
  39  4:15  Drone  
  40  4:18  Drone x2  
  42  4:24  Spore Crawler  
  42  4:26  Drone  
  42  4:27  Drone  
  42  4:29  Drone  
  42  4:31  Drone x2  
  47  4:38  Drone x2  
  47  4:39  Overlord  
  47  4:41  Drone  
  49  4:46  Drone  
  49  4:48  Extractor  
  49  4:49  Drone  
  49  4:50  Drone  
  52  4:53  Overlord  
  52  4:54  Overlord  
  52  4:59  Queen  
  54  5:02  Drone  
  54  5:05  Roach Warren  
  54  5:11  Drone  
  54  5:12  Drone x3  
  54  5:13  Drone  
  59  5:15  Drone  
  59  5:21  Drone x2  
  61  5:25  Lair  
  61  5:26  Extractor, Drone  
  61  5:29  Zergling x8  
  61  5:31  Zergling x4  
  61  5:35  Drone  
  68  5:39  Drone  
  68  5:40  Overlord  
  68  5:41  Extractor  
  68  5:42  Drone x2  
  70  5:48  Overlord  
  70  5:49  Roach  
  76  5:50  Roach x2  
  76  5:52  Overlord  
  75  6:01  Roach x3  
  79  6:07  Extractor, Roach  
  80  6:15  Roach x3, Drone  
  80  6:16  Drone x9  
  92  6:26  Drone x3  
  92  6:30  Drone  
  92  6:31  Overlord, Glial Reconstitution  
  95  6:34  Drone  
  95  6:36  Extractor  
  93  6:40  Evolution Chamber, Drone  
  93  6:41  Drone x5  
  98  6:49  Overlord  
  98  6:52  Overlord  
  98  6:53  Extractor  
  97  7:02  Ravager  
  97  7:06  Drone, Overlord  
  97  7:16  Roach x8  
  97  7:21  Pneumatized Carapace  
  112  7:25  Overlord x2  
  112  7:26  Overlord  
  112  7:27  Roach x3  
  118  7:30  Drone  
  119  7:43  Drone x2  
  117  7:45  Hatchery  
  116  7:52  Roach x6  
  128  7:59  Roach x4  
  128  8:02  Overlord  
  128  8:03  Overlord  
  136  8:09  Overlord  
  136  8:19  Zergling x18  
  144  8:28  Ravager x3  
  144  8:30  Zergling x10  
  128  8:43  Roach  
  128  8:44  Roach x6  
  114  8:48  Roach  
  114  8:49  Roach  
  103  8:57  Zergling x10  
  103  9:00  Ravager  
  103  9:01  Ravager  
  106  9:09  Roach  
  116  9:10  Roach x4  
  105  9:26  Drone  
  105  9:27  Drone x9  
  107  9:36  Roach  
  107  9:37  Roach x4  
Tags
 
Add a new tag
Caveats
  • Supply blocks, unpowered buildings, or Contaminate may cause inaccurate times.
  • Supply counts are checked every 10 seconds.